AoeStats
← tony le gros rou

Socotra

506508214Analyzed
4v4 RM · 17d ago on Sep 13, 2026· 31m 30s· 8 players
Game mode
Random Map
Map size
148×148
Population
200
Speed
Normal
Resources
Standard
Victory
Conquest
Starting age
Dark Age
Ending age
Imperial Age
RankedLock teamsTeams togetherTeam positionsShared explorationLock speedFull tech treeHidden civsTurbo modeCheats
Victory
Defeat
🇫🇷 Malians · France
1561
+7
🇫🇷 Malay · France
1435
+12
🇫🇷 Khmer · France
1417
+12
🇫🇷 Bengalis · France
1321
+17
🇪🇸 Chinese · Spain
1348
-12
🇪🇸 Franks · Spain
1342
-12
🇪🇸 Magyars · Spain
1336
-12
🇮🇹 Inca · Italy
1332
-12
|GaoeG| flamingo
0:32 Loom
12:20 Feudal Age
13:03 Double-Bit Axe
20:17 Castle Age
18:50 Stone Mining
19:03 Fletching
23:21 Bodkin Arrow
23:09 Horse Collar
23:54 Bow Saw
24:06 Padded Archer Armor
25:13 Wheelbarrow
24:31 Gold Mining
|GaoeG| Tifus
1:28 Loom
7:12 Loom
9:34 Feudal Age
16:38 Wheelbarrow
21:22 Castle Age
24:11 Light Cavalry
24:52 Husbandry
JITANOmaleant7
8:28 Loom
10:14 Feudal Age
14:20 Castle Age
14:13 Double-Bit Axe
15:54 Wheelbarrow
24:12 Bow Saw
24:39 Scale Barding Armor
26:32 Forging
28:49 Chain Barding Armor
eartahhj | GamingHouse
7:00 Loom
9:31 Feudal Age
13:50 Champi Runner
15:16 Scale Mail Armor
23:34 Forging
27:14 Double-Bit Axe
27:10 Horse Collar
30:05 Castle Age
28:11 Fletching
28:21 Padded Archer Armor
ccereal
5:19 Loom
7:55 Feudal Age
12:22 Double-Bit Axe
16:59 Bloodlines
17:58 Scale Barding Armor
18:03 Forging
18:57 Forging
23:38 Castle Age
22:11 Horse Collar
23:51 Light Cavalry
25:10 Chain Barding Armor
25:56 Iron Casting
26:08 Husbandry
Frorok
9:06 Feudal Age
9:17 Man-at-Arms
13:45 Double-Bit Axe
14:03 Arson
14:22 Loom
15:04 Scale Mail Armor
16:51 Wheelbarrow
19:34 Horse Collar
21:59 Castle Age
23:50 Bow Saw
27:20 Chain Mail Armor
Superbrasseur
2:12 Loom
10:20 Feudal Age
11:06 Double-Bit Axe
11:05 Horse Collar
13:12 Scale Barding Armor
17:45 Forging
23:10 Castle Age
22:16 Fletching
22:27 Padded Archer Armor
22:48 Bloodlines
22:56 Gold Mining
24:27 Wheelbarrow
24:46 Bow Saw
24:42 Heavy Plow
29:27 Bodkin Arrow
tony le gros rou
5:56 Loom
8:44 Feudal Age
13:33 Fletching
24:11 Castle Age
22:38 Gold Mining
23:15 Padded Archer Armor
23:09 Double-Bit Axe
23:20 Crossbowman
24:35 Bodkin Arrow
Connection lost

Rejoining the realm…

Still unreachable

The connection could not be restored.

Session expired

The server has moved on; the page needs a fresh start.